[Event "Titled Tuesday Blitz March 01 Late 2022"]
[White "Antonio, Jorge Carlos"]
[Black "Ruiz Aguilar, Pablo Alexander"]
[WhiteFideId "113190"]
[BlackFideId "4401352"]
[WhiteElo "2247"]
[BlackElo "2125"]
[Result "0-1"]
[Round "04"]
[TimeControl "180+1"]
[Date "2022.03.02"]
[WhiteClock "0:00:35"]
[BlackClock "0:00:37"]

1. d4 d5 2. Bf4 Nf6 3. Nf3 c5 4. e3 Nc6 5. c3 Qb6 6. Qb3 c4 7. Qc2 Bf5 8. Qc1 e6 9. Be2 Rc8 10. O-O Be7 11. Nbd2 O-O 12. Nh4 Be4 13. Nxe4 Nxe4 14. Nf3 g5 15. Bg3 Nxg3 16. hxg3 Kg7 17. Qc2 f6 18. e4 Nd8 19. exd5 exd5 20. b3 cxb3 21. axb3 Ne6 22. Rfd1 Bb4 23. c4 a5 24. c5 Qd8 25. Qf5 Qd7 26. Bd3 Rh8 27. Bb5 Qxb5 28. Qxe6 Qc6 29. Qe7+ Kg6 30. Qe3 Rhe8 31. Qd3+ Kg7 32. g4 Re4 33. g3 Rce8 34. Kg2 Qd7 35. Rh1 Qxg4 36. Nd2 Bxd2 37. Qxd2 Re2 38. Qd3 Qe4+ 39. Qxe4 dxe4 40. Rxa5 e3 41. Rf1 Rd2 42. Kf3 e2 43. Re1 Rd3+ 44. Kg2 Rd1 45. Ra1 Rxa1 46. Rxa1 e1=Q 47. Rxe1 Rxe1 48. d5 Kf7 49. d6 Ke6 50. f4 gxf4 51. gxf4 f5 52. Kf2 Rb1 0-1


[Site "https://www.chess.com"]

[Event "Titled Tuesday Blitz March 01 Late 2022"]
[White "Araujo Filho, Luiz Antonio Coel"]
[Black "Jarocka, Liwia"]
[WhiteFideId "2130661"]
[BlackFideId "21807558"]
[WhiteElo "2200"]
[BlackElo "1896"]
[Result "1/2-1/2"]
[Round "04"]
[TimeControl "180+1"]
[Date "2022.03.02"]
[WhiteClock "0:00:06"]
[BlackClock "0:00:18"]

1. d4 Nf6 2. Nf3 d5 3. e3 e6 4. Bd3 Bd6 5. Nbd2 O-O 6. Qe2 c5 7. c3 Nc6 8. dxc5 Bxc5 9. e4 dxe4 10. Nxe4 Nxe4 11. Bxe4 g6 12. O-O Qc7 13. Bh6 Re8 14. Bc2 e5 15. h3 Be6 16. Ng5 Bd5 17. Rad1 Rad8 18. b3 Be7 19. Ne4 Bxe4 20. Qxe4 Bf6 21. h4 Qe7 22. h5 Bg7 23. Bc1 f5 24. Qc4+ Kh8 25. Rfe1 e4 26. hxg6 hxg6 27. Bf4 Be5 28. Bxe5+ Nxe5 29. Qb5 a6 30. Qb6 Qg5 31. Rxd8 Rxd8 32. Rd1 Rxd1+ 33. Bxd1 Nf3+ 34. Kf1 Qd2 35. Qf6+ Kh7 36. Qf7+ Kh6 37. Qf8+ Kg5 38. Qe7+ Kh6 39. Qf8+ Kh5 40. Bxf3+ exf3 41. Qh8+ Kg5 42. gxf3 Qxa2 43. Qd8+ Kh6 44. Qh8+ Kg5 45. Qd8+ Kf4 46. Qd4+ Kxf3 47. Qd3+ Kg4 48. Qg3+ Kh5 49. Qh3+ Kg5 50. Qg3+ Kf6 51. Qd6+ Kg7 52. Qe7+ Kh6 53. Qh4+ Kg7 54. Qe7+ Kg8 55. Qe8+ Kg7 56. Qe7+ 1/2-1/2


[Site "https://www.chess.com"]

[Event "Titled Tuesday Blitz March 01 Late 2022"]
[White "Artemenko, Oleg"]
[Black "Petrova, Irina"]
[WhiteFideId "14201798"]
[BlackFideId "14124122"]
[WhiteElo "2608"]
[BlackElo "2321"]
[Result "1-0"]
[Round "04"]
[TimeControl "180+1"]
[Date "2022.03.02"]
[WhiteClock "0:00:44"]
[BlackClock "0:00:12"]

1. d4 d6 2. Nc3 Nf6 3. e4 e5 4. Nf3 Nbd7 5. Bc4 Be7 6. Ng5 O-O 7. Bxf7+ Rxf7 8. Ne6 Qe8 9. Nxc7 Qd8 10. Nxa8 b6 11. dxe5 dxe5 12. Nd5 Bb7 13. Nac7 Nxe4 14. O-O Bc5 15. Ne6 Nxf2 16. Nxd8 Nxd1+ 17. Be3 Rxf1+ 18. Kxf1 Nxe3+ 19. Nxe3 Ba6+ 20. Kf2 Nf6 21. Kf3 e4+ 22. Kf4 Bd6+ 23. Kg5 h6+ 24. Kg6 Bb5 25. Rd1 Be8+ 26. Kf5 Be7 27. Ne6 g6+ 28. Ke5 Kf7 29. h3 Bc5 30. Nxc5 bxc5 31. Rd6 Nd7+ 32. Kxe4 Ke7 33. Ra6 Nf6+ 34. Ke5 Nd7+ 35. Kf4 g5+ 36. Kg3 Bg6 37. Rxg6 1-0


[Site "https://www.chess.com"]

[Event "Titled Tuesday Blitz March 01 Late 2022"]
[White "Ashiev, Eduard"]
[Black "Dubov, Daniil"]
[WhiteFideId "4130090"]
[BlackFideId "24126055"]
[WhiteElo "2004"]
[BlackElo "2791"]
[Result "0-1"]
[Round "04"]
[TimeControl "180+1"]
[Date "2022.03.02"]
[WhiteClock "0:00:06"]
[BlackClock "0:00:56"]

1. d4 Nc6 2. d5 Nb8 3. e4 d6 4. c4 g6 5. Nc3 Bg7 6. Bd3 Nd7 7. Nge2 Ngf6 8. O-O O-O 9. Re1 c6 10. Ng3 Nc5 11. Bc2 cxd5 12. exd5 Bd7 13. Be3 Rc8 14. Bd4 Re8 15. Qd2 a5 16. Rad1 h5 17. h3 h4 18. Nf1 e5 19. dxe6 Nxe6 20. Bxf6 Bxf6 21. Ne4 Rxc4 22. Nxd6 Rd4 23. Qc1 Re7 24. Ne4 Bg7 25. Rxd4 Nxd4 26. Bb3 Nxb3 27. axb3 Bc6 28. Nc5 Rxe1 29. Qxe1 Qd5 0-1


[Site "https://www.chess.com"]

[Event "Titled Tuesday Blitz March 01 Late 2022"]
[White "Astasio Lopez, David"]
[Black "Vifleemskaia, Svetlana"]
[WhiteFideId "2230208"]
[BlackFideId "4129490"]
[WhiteElo "2355"]
[BlackElo "1901"]
[Result "1-0"]
[Round "04"]
[TimeControl "180+1"]
[Date "2022.03.02"]
[WhiteClock "0:00:19"]
[BlackClock "0:00:02"]

1. d4 Nf6 2. Nf3 d5 3. Nbd2 c5 4. e3 Bg4 5. c3 e6 6. Qb3 Qb6 7. Ne5 Qxb3 8. axb3 Bf5 9. Bb5+ Nfd7 10. Ndf3 f6 11. Nxd7 Nxd7 12. O-O Bd6 13. dxc5 Bxc5 14. b4 Bb6 15. Nd4 g6 16. Re1 Ke7 17. Nxf5+ gxf5 18. g3 Ne5 19. Be2 Rac8 20. Rd1 Rhg8 21. Bd2 Nc4 22. Bxc4 Rxc4 23. Be1 f4 24. exf4 Rxf4 25. Kg2 h5 26. Rd2 h4 27. Re2 hxg3 28. hxg3 e5 29. Rd1 d4 30. c4 Rfg4 31. f3 R4g6 32. c5 Bc7 33. Rxd4 Ke6 34. Rh4 Kf7 35. Rh7+ R8g7 36. Rxg7+ Rxg7 37. Rd2 Ke6 38. Bf2 a6 39. Be1 Rd7 40. Re2 Rd3 41. Bc3 Kd5 42. Re4 Rd1 43. Re2 Rd3 44. g4 Rd1 45. Kf2 Rd3 46. Re3 Kc4 47. Re4+ Kd5 48. Re1 Kc4 49. Ke2 Rd7 50. Rh1 Kb3 51. Rh6 Rf7 52. Rh5 Kc4 53. Rf5 Kd5 54. Ke3 Ke6 55. Ke4 Rd7 56. Rh5 Rd1 57. Rh6 Ke7 58. Rh7+ Kd8 59. Rf7 1-0


[Site "https://www.chess.com"]

[Event "Titled Tuesday Blitz March 01 Late 2022"]
[White "Aukhatov, Roman"]
[Black "Kaasen, Tor Fredrik"]
[WhiteFideId "44150768"]
[BlackFideId "1516647"]
[WhiteElo "2440"]
[BlackElo "2702"]
[Result "1-0"]
[Round "04"]
[TimeControl "180+1"]
[Date "2022.03.02"]
[WhiteClock "0:00:08"]
[BlackClock "0:00:01"]

1. Nf3 d5 2. d4 Nf6 3. c4 e6 4. g3 Bb4+ 5. Bd2 Be7 6. Bg2 O-O 7. O-O Nbd7 8. Qc2 c6 9. a4 a5 10. Rc1 Re8 11. Be1 h6 12. Nbd2 b6 13. cxd5 cxd5 14. Nb1 Ba6 15. Na3 Rc8 16. Qd1 Ne4 17. Nb5 Bxb5 18. axb5 Nd6 19. Qa4 Rc7 20. Rc6 Nb8 21. Rxb6 Nc4 22. Bxa5 Nxb2 23. Rxb8 Qxb8 24. Bxc7 Qxc7 25. Qa6 Nc4 26. e3 Rb8 27. Bf1 Rb6 28. Qa8+ Kh7 29. Ra7 Qd6 30. Qe8 Bf8 31. Bd3+ Kh8 32. Qxf7 e5 33. dxe5 Qd8 34. Bxc4 dxc4 35. Nh4 c3 36. Ng6+ Rxg6 37. Qxg6 Qd1+ 38. Kg2 c2 39. Rc7 c1=Q 40. Rxc1 Qxc1 41. Qf7 Qc8 42. e6 Qd8 43. Qd7 Qa8+ 44. Qc6 Qb8 45. b6 Kh7 46. Qc7 Qe8 47. b7 Bd6 48. Qxd6 1-0


[Site "https://www.chess.com"]

[Event "Titled Tuesday Blitz March 01 Late 2022"]
[White "Balint, Vilmos"]
[Black "Sargsyan, Anna M."]
[WhiteFideId "718050"]
[BlackFideId "13308130"]
[WhiteElo "2059"]
[BlackElo "2271"]
[Result "0-1"]
[Round "04"]
[TimeControl "180+1"]
[Date "2022.03.02"]
[WhiteClock "0:02:06"]
[BlackClock "0:00:09"]

1. d4 d5 2. Bf4 Nf6 3. Nc3 c6 4. Qd2 h6 5. h3 Bf5 6. O-O-O e6 7. g4 Bh7 8. f3 g5 9. Be5 Nbd7 10. Bg3 b5 11. Bg2 b4 12. Nb1 Nb6 13. e4 Nc4 14. Qe2 a5 15. b3 Nb6 16. h4 a4 17. hxg5 hxg5 18. Be5 axb3 19. axb3 Bg7 20. Nh3 Ra1 21. Qd2 Qa8 22. Qxb4 Qa2 23. Kd2 dxe4 24. Qxb6 e3+ 25. Kxe3 Nd5+ 26. Kf2 Nxb6 27. Bxg7 Rg8 28. Be5 Qxc2+ 29. Kg3 Nd5 30. Nxg5 Rxg5 31. Rc1 Qb2 32. Rxc6 Rxb1 33. Rxh7 Rg1 34. Rh2 Ne3 35. Kh4 Rxg2 36. Rxg2 Qxg2 37. Kxg5 Nd5 38. Rc8+ Kd7 39. Rf8 Qxf3 40. b4 Kc6 41. Rc8+ Kb5 42. Rb8+ Kc4 43. b5 f6+ 44. Kg6 fxe5 0-1


[Site "https://www.chess.com"]

[Event "Titled Tuesday Blitz March 01 Late 2022"]
[White "Baskin, Robert"]
[Black "Grigorov, Grigor"]
[WhiteFideId "24662402"]
[BlackFideId "2907313"]
[WhiteElo "2488"]
[BlackElo "2510"]
[Result "0-1"]
[Round "04"]
[TimeControl "180+1"]
[Date "2022.03.01"]
[WhiteClock "0:00:02"]
[BlackClock "0:00:39"]

1. d4 Nf6 2. c4 e6 3. Nf3 Bb4+ 4. Nbd2 b6 5. g3 Bb7 6. Bg2 O-O 7. O-O Bxd2 8. Qxd2 a5 9. b3 Be4 10. Bb2 d6 11. Bh3 h6 12. Ne1 Bb7 13. Nd3 Nbd7 14. f3 c5 15. e4 cxd4 16. Bxd4 Qc7 17. Rad1 Rad8 18. Bb2 Rfe8 19. Bg2 b5 20. cxb5 Qb6+ 21. Kh1 Qxb5 22. Qe3 e5 23. Nf2 d5 24. g4 d4 25. Qd2 Nf8 26. Nd3 Ng6 27. g5 hxg5 28. Qxg5 Qb6 29. Bc1 Ba6 30. h4 Nh7 31. Qg3 Bxd3 32. Rxd3 Qf6 33. h5 Nf4 34. Bxf4 exf4 35. Qg4 Re5 36. Rg1 Qh6 37. Bh3 Rxh5 38. Kg2 Rg5 39. Kf2 Rxg4 40. Bxg4 Nf6 41. Bf5 g6 42. e5 Qh4+ 43. Kf1 Nd5 44. Be4 Ne3+ 0-1


[Site "https://www.chess.com"]

[Event "Titled Tuesday Blitz March 01 Late 2022"]
[White "Batsiashvili, Nino"]
[Black "Lopez Perdomo, Juan David"]
[WhiteFideId "13602993"]
[BlackFideId "4405137"]
[WhiteElo "2230"]
[BlackElo "1997"]
[Result "1/2-1/2"]
[Round "04"]
[TimeControl "180+1"]
[Date "2022.03.02"]
[WhiteClock "0:00:15"]
[BlackClock "0:00:03"]

1. d4 c5 2. d5 e6 3. e4 exd5 4. exd5 d6 5. Nf3 Nf6 6. Be2 Be7 7. O-O O-O 8. Nc3 Bg4 9. Nd2 Bxe2 10. Qxe2 Nbd7 11. Nc4 Nb6 12. Ne3 Re8 13. Rd1 Bf8 14. Qf3 Nbd7 15. h3 Ne5 16. Qe2 Ng6 17. a4 Qd7 18. Qf3 Ne5 19. Qf4 Nh5 20. Qg5 g6 21. f4 h6 22. Qh4 Be7 23. Qf2 Nxf4 24. Qxf4 Bg5 25. Qf2 f5 26. Nf1 f4 27. Ne4 Rf8 28. Nxg5 hxg5 29. Nh2 g4 30. hxg4 Nxg4 31. Nxg4 Qxg4 32. Qf3 Qf5 33. Rf1 g5 34. Bd2 Rae8 35. Bc3 g4 36. Qxf4 Qxf4 37. Rxf4 Rxf4 38. Kh2 Re2 39. Kg3 Rfe4 40. Rh1 R2e3+ 41. Kh4 g3+ 42. Kg5 Re7 43. Kg6 Rxc3 44. bxc3 Re5 45. Rh3 Rxd5 46. Rxg3 Rd2 47. Rg5 Rxc2 48. g4 Rxc3 49. Rd5 Rg3 50. g5 Rg4 51. Rxd6 Kf8 52. Rd7 Rxa4 53. Rxb7 Ra6+ 54. Kf5 Rc6 55. Rxa7 c4 56. Ra2 c3 57. Rc2 Kg7 58. Ke4 Kg6 59. Kd4 Rc8 60. Rxc3 Rxc3 61. Kxc3 Kxg5 1/2-1/2


[Site "https://www.chess.com"]

[Event "Titled Tuesday Blitz March 01 Late 2022"]
[White "Beerdsen, Thomas"]
[Black "Bortnyk, Olexandr"]
[WhiteFideId "1030108"]
[BlackFideId "14120828"]
[WhiteElo "2585"]
[BlackElo "2723"]
[Result "0-1"]
[Round "04"]
[TimeControl "180+1"]
[Date "2022.03.01"]
[WhiteClock "0:00:11"]
[BlackClock "0:00:04"]

1. e4 Nf6 2. Nc3 d5 3. exd5 Nxd5 4. Bc4 Nb6 5. Bb3 Nc6 6. d3 Bf5 7. Nge2 e6 8. Ng3 Bg6 9. h4 h5 10. a4 Bb4 11. Bd2 Nd4 12. Ba2 Qd7 13. O-O Be7 14. a5 Nc8 15. a6 bxa6 16. Bg5 Bxg5 17. hxg5 h4 18. Nge4 h3 19. Re1 Ne7 20. Qg4 Nxc2 21. Nc5 Qc6 22. Nxe6 Nxe1 23. Rxe1 hxg2 24. Bd5 Qd6 25. Qxg2 Rb8 26. Nd4 Kf8 27. Nc2 Rxb2 28. Ne3 Rh5 29. Nc4 Qb4 30. Nxb2 Qxc3 31. Rb1 Qc2 32. Ba2 Kg8 33. f4 Qc5+ 34. Kf1 Qe3 35. Re1 Qxf4+ 36. Qf2 Qxf2+ 37. Kxf2 Rh2+ 38. Kg3 Rxb2 39. Bc4 Kf8 40. Kf4 Rb6 41. Rh1 Nc6 42. Bd5 Ke7 43. Bf3 Bxd3 44. Kg3 Bg6 45. Re1+ Kd6 46. Rd1+ Ke6 47. Rc1 Ne5 48. Be2 Rb3+ 49. Kf2 Rb4 50. Rxc7 a5 51. Rxa7 a4 52. Ra6+ Kf5 53. Bd1 Kxg5 54. Bxa4 Rf4+ 55. Kg3 Rf3+ 56. Kg2 Ra3 57. Ra5 f6 58. Kf2 Bc2 59. Ra7 Rxa4 60. Rxg7+ Kf4 61. Rb7 Be4 62. Rb2 Nd3+ 0-1


[Site "https://www.chess.com"]

[Event "Titled Tuesday Blitz March 01 Late 2022"]
[White "Bellissimo, Joseph F."]
[Black "Suleymanli, Aydin"]
[WhiteFideId "2609843"]
[BlackFideId "13413937"]
[WhiteElo "2061"]
[BlackElo "2529"]
[Result "0-1"]
[Round "04"]
[TimeControl "180+1"]
[Date "2022.03.01"]
[WhiteClock "0:00:09"]
[BlackClock "0:01:22"]

1. e4 e5 2. Nf3 Nf6 3. Nxe5 d6 4. Nf3 Nxe4 5. Nc3 Nxc3 6. dxc3 Be7 7. Bf4 Nd7 8. Qd2 O-O 9. O-O-O Nc5 10. Kb1 a5 11. h3 Bf5 12. g4 Be4 13. Bg2 a4 14. a3 f5 15. gxf5 Rxf5 16. Ne1 Bh4 17. Qe3 Qe7 18. f3 Bc6 19. Qd2 Re8 20. Rg1 Bd5 21. Bh1 Bf7 22. Ng2 Qe6 23. b3 axb3 24. Nxh4 Rxf4 25. Rg4 bxc2+ 26. Qxc2 Qf6 27. Rdg1 Rxg4 28. Rxg4 Re1+ 29. Kb2 Rxh1 30. Qe2 Re1 31. Qb5 Qe6 32. c4 Qe2+ 33. Kc3 Qd3+ 34. Kb4 Qd2# 0-1


[Site "https://www.chess.com"]

[Event "Titled Tuesday Blitz March 01 Late 2022"]
[White "Bibasa, Bob"]
[Black "Zarubitski, Viachaslau"]
[WhiteFideId "10000240"]
[BlackFideId "13509373"]
[WhiteElo "2056"]
[BlackElo "2325"]
[Result "0-1"]
[Round "04"]
[TimeControl "180+1"]
[Date "2022.03.01"]
[WhiteClock "0:00:09"]
[BlackClock "0:00:10"]

1. e4 c5 2. Nf3 Nc6 3. Bb5 g6 4. Bxc6 bxc6 5. O-O Bg7 6. c3 Nh6 7. d4 O-O 8. Re1 f5 9. e5 Nf7 10. dxc5 e6 11. b4 a5 12. a3 g5 13. Qe2 g4 14. Nd4 axb4 15. cxb4 Nxe5 16. Bb2 Ba6 17. Qc2 Nd3 18. Rd1 Nxb2 19. Qxb2 f4 20. Nc3 Qg5 21. Qd2 Qh5 22. Ne4 f3 23. Qg5 Qxg5 24. Nxg5 Be2 25. Rd2 Bh6 26. Rxe2 fxe2 27. Ne4 Rxa3 28. Re1 Rfa8 29. Nf6+ Kh8 30. Nxg4 Ra1 31. Nc2 Rxe1+ 32. Nxe1 Ra1 33. f3 Rxe1+ 34. Kf2 Bd2 35. Ne5 Rb1 36. Kxe2 Bxb4 37. Nxd7 Rb2+ 38. Ke3 Rxg2 39. Ne5 Rxh2 40. Nf7+ Kg7 41. Nd6 Bxc5+ 42. Ke4 Bxd6 43. f4 c5 44. f5 Rh4+ 45. Kd3 Rg4 46. fxe6 Kf6 47. e7 Kxe7 48. Ke3 h5 49. Kf3 Rd4 0-1


[Site "https://www.chess.com"]

[Event "Titled Tuesday Blitz March 01 Late 2022"]
[White "Boyer, Mahel"]
[Black "Mogranzini, Roberto"]
[WhiteFideId "45102422"]
[BlackFideId "810894"]
[WhiteElo "2718"]
[BlackElo "2494"]
[Result "1-0"]
[Round "04"]
[TimeControl "180+1"]
[Date "2022.03.02"]
[WhiteClock "0:00:18"]
[BlackClock "0:00:19"]

1. d4 Nf6 2. c4 d6 3. Nc3 e5 4. Nf3 e4 5. Nd2 Qe7 6. Qc2 Nc6 7. d5 Nd4 8. Qb1 e3 9. fxe3 Nf5 10. e4 Ne3 11. Qd3 Nfg4 12. Nf3 Nxf1 13. Rxf1 g6 14. Qd4 f6 15. h3 Ne5 16. Nxe5 fxe5 17. Qf2 h6 18. Be3 a6 19. O-O-O Bg7 20. c5 Bd7 21. Qg3 g5 22. h4 g4 23. Kb1 Bf6 24. h5 Bg5 25. Bxg5 Qxg5 26. Rf2 dxc5 27. Rdf1 O-O-O 28. Rf7 Qxh5 29. Re7 Rde8 30. Rff7 Rxe7 31. Rxe7 Re8 32. Rxe8+ Qxe8 33. Qh4 h5 34. Qg5 Qf8 35. Qxe5 Qf1+ 36. Kc2 Qxg2 37. Qh8+ 1-0


[Site "https://www.chess.com"]

[Event "Titled Tuesday Blitz March 01 Late 2022"]
[White "Brahami, Lamine"]
[Black "P., Komal Kishore"]
[WhiteFideId "7905637"]
[BlackFideId "5016703"]
[WhiteElo "1909"]
[BlackElo "2078"]
[Result "0-1"]
[Round "04"]
[TimeControl "180+1"]
[Date "2022.03.02"]
[WhiteClock "0:02:26"]
[BlackClock "0:02:30"]

1. d4 c6 2. e4 d5 3. e5 Bf5 4. g4 Be4 5. f3 Bg6 6. h4 h5 7. g5 e6 8. Bd3 Bxd3 9. Qxd3 g6 10. Ne2 Ne7 11. Ng3 Nf5 12. Nxf5 gxf5 13. Nd2 c5 14. c3 Be7 15. Nf1 Nd7 16. Ng3 Nf8 17. f4 Ng6 18. Qf3 cxd4 19. cxd4 Qb6 20. Be3 Qxb2 21. O-O Nxh4 22. Qd1 Qg2# 0-1


[Site "https://www.chess.com"]

[Event "Titled Tuesday Blitz March 01 Late 2022"]
[White "Carre, Sylvain"]
[Black "Petrovic, Aleksa"]
[WhiteFideId "642118"]
[BlackFideId "967629"]
[WhiteElo "2105"]
[BlackElo "2139"]
[Result "0-1"]
[Round "04"]
[TimeControl "180+1"]
[Date "2022.03.02"]
[WhiteClock "0:00:05"]
[BlackClock "0:00:40"]

1. d4 e6 2. Bf4 Nf6 3. e3 b6 4. Nf3 Bb7 5. c4 Bb4+ 6. Nbd2 a5 7. Bd3 d6 8. O-O Bxd2 9. Nxd2 Nbd7 10. Bg5 h6 11. Bh4 e5 12. Rc1 c5 13. Be4 Qc7 14. Bxb7 Qxb7 15. Bxf6 Nxf6 16. Qa4+ Qd7 17. Qxd7+ Kxd7 18. Rfd1 Kc6 19. dxe5 dxe5 20. Nf3 Rhe8 21. Rd2 e4 22. Nh4 Re5 23. Rcd1 Rae8 24. g3 g5 25. Ng2 R5e6 26. h4 Ng4 27. hxg5 hxg5 28. Rd5 Ne5 29. b3 Rh8 30. Ne1 Reh6 31. Kf1 Re6 32. Ke2 Rh2 33. a4 Rf6 34. Kd2 Rfxf2+ 35. Kc3 Nd3 36. R1xd3 exd3 37. Rxd3 Rf1 38. Nc2 Rc1 39. Rd2 Rxd2 40. Kxd2 Rg1 41. Na3 Rxg3 42. Nb5 g4 43. Nc3 Rg2+ 44. Kd3 g3 45. Ne4 Rg1 46. Ke2 g2 47. Kf2 Re1 48. Kxg2 Rxe3 49. Ng5 Rxb3 50. Nxf7 Rb4 51. Kf2 Rxa4 52. Ke3 Rxc4 53. Ne5+ Kd5 54. Nxc4 Kxc4 0-1


[Site "https://www.chess.com"]

[Event "Titled Tuesday Blitz March 01 Late 2022"]
[White "Celestino, Rafael Teixeira"]
[Black "Roque Sola, Jose Luis"]
[WhiteFideId "2108925"]
[BlackFideId "5120390"]
[WhiteElo "2311"]
[BlackElo "1983"]
[Result "1-0"]
[Round "04"]
[TimeControl "180+1"]
[Date "2022.03.02"]
[WhiteClock "0:00:02"]
[BlackClock "0:00:02"]

1. e4 e6 2. d4 d5 3. Bd3 dxe4 4. Bxe4 Nf6 5. Bf3 c5 6. Ne2 Nc6 7. Be3 cxd4 8. Nxd4 Ne5 9. Nc3 Be7 10. O-O O-O 11. Qe2 Nxf3+ 12. Qxf3 a6 13. Rad1 Qc7 14. Qg3 Qxg3 15. hxg3 Bd7 16. Nb3 Bc6 17. Na5 Rac8 18. Rd2 Bb4 19. Nxc6 Rxc6 20. Rd3 Bxc3 21. bxc3 Nd5 22. Rb1 b5 23. Bd4 f6 24. a4 bxa4 25. f4 Rfc8 26. Ra1 Nxc3 27. Kf1 Rc4 28. Be3 Nd5 29. Bd2 Rxc2 30. Rxa4 Rb8 31. Rxa6 Rb1+ 32. Ke2 Rbb2 33. Rxe6 Kf7 34. f5 Nc3+ 35. Ke1 Rb1+ 36. Kf2 Rd1 37. Rd7+ Kf8 38. Ke3 h6 39. Rd8+ Kf7 40. Rd7+ Kg8 41. Re8+ Kh7 42. Ree7 Kh8 43. Kf2 1-0


[Site "https://www.chess.com"]

[Event "Titled Tuesday Blitz March 01 Late 2022"]
[White "Chernomordik, Pavel"]
[Black "Curtis, John"]
[WhiteFideId "2804530"]
[BlackFideId "3200256"]
[WhiteElo "2249"]
[BlackElo "2203"]
[Result "1-0"]
[Round "04"]
[TimeControl "180+1"]
[Date "2022.03.02"]
[WhiteClock "0:00:13"]
[BlackClock "0:00:03"]

1. e4 e5 2. Nf3 Nc6 3. Bc4 Bc5 4. c3 Bb6 5. d4 Qe7 6. O-O Nf6 7. Bg5 h6 8. Bxf6 Qxf6 9. d5 Nb8 10. Nbd2 d6 11. Bb5+ Kf8 12. Ne1 g5 13. Kh1 a6 14. Ba4 h5 15. Nc4 Ba7 16. Bc2 Nd7 17. Nd3 Kg7 18. f3 Nf8 19. b4 Ng6 20. Qd2 h4 21. Ne3 Nf4 22. Nf2 Bxe3 23. Qxe3 Bd7 24. Ng4 Bxg4 25. fxg4 Qe7 26. Kg1 Rh6 27. c4 Qd7 28. h3 Rf6 29. Rfc1 a5 30. a3 b6 31. Bd1 Kg6 32. c5 bxc5 33. bxc5 Qb5 34. cxd6 cxd6 35. Rab1 Qd3 36. Rb3 Qxe3+ 37. Rxe3 Rb8 38. Bf3 Rb2 39. Rec3 a4 40. R1c2 Rb1+ 41. Kf2 Rh1 42. Ke3 Rf1 43. Rf2 Re1+ 44. Kd2 Rb1 45. Kc2 Rg1 46. Rd2 Rf1 47. Bd1 Rg1 48. Bf3 Kg7 49. Rd1 Rxd1 50. Kxd1 Kf8 51. Kd2 Ke7 52. Ke3 Rh6 53. Rc4 Rh8 54. Rxa4 Rc8 55. Ra7+ Kd8 56. Kd2 Rb8 57. Kc3 Rc8+ 58. Kb3 Rb8+ 59. Kc4 Rb2 60. Rxf7 Nxg2 61. a4 Nf4 62. a5 Ra2 63. Kb5 Nxh3 64. a6 Nf4 65. a7 Kc8 66. Kc6 Rc2+ 67. Kxd6 Ra2 68. Kxe5 h3 69. d6 h2 70. Rh7 1-0


[Site "https://www.chess.com"]

[Event "Titled Tuesday Blitz March 01 Late 2022"]
[White "Cupid, Kevin"]
[Black "Holt, Conrad"]
[WhiteFideId "7700512"]
[BlackFideId "2034387"]
[WhiteElo "2096"]
[BlackElo "2586"]
[Result "0-1"]
[Round "04"]
[TimeControl "180+1"]
[Date "2022.03.01"]
[WhiteClock "0:00:07"]
[BlackClock "0:01:07"]

1. d4 d5 2. c4 c6 3. Nc3 dxc4 4. e3 b5 5. Nf3 Nf6 6. a4 b4 7. Na2 e6 8. Bxc4 Bb7 9. O-O a5 10. Bd2 Be7 11. Nc1 Nbd7 12. Re1 O-O 13. Nb3 c5 14. Ne5 Nxe5 15. dxe5 Nd7 16. f4 Nb6 17. Be2 Qd7 18. Qc2 Rfc8 19. Red1 Qe8 20. Be1 Bc6 21. Bf3 Bxf3 22. gxf3 Nxa4 23. Nd2 Nb6 24. Ne4 Qc6 25. Bf2 a4 26. Kg2 b3 27. Qd3 c4 28. Qb1 Nd5 29. Nc3 Nxc3 30. bxc3 a3 31. Rd2 Rd8 32. Qd1 Rxd2 33. Qxd2 a2 34. Rd1 0-1


[Site "https://www.chess.com"]

[Event "Titled Tuesday Blitz March 01 Late 2022"]
[White "Daggupati, Balaji"]
[Black "Domingo Nunez, Alejandro"]
[WhiteFideId "2090759"]
[BlackFideId "22245561"]
[WhiteElo "2740"]
[BlackElo "2527"]
[Result "1/2-1/2"]
[Round "04"]
[TimeControl "180+1"]
[Date "2022.03.02"]
[WhiteClock "0:00:06"]
[BlackClock "0:00:15"]

1. e4 g6 2. d4 Bg7 3. Nc3 c6 4. Bc4 d5 5. exd5 b5 6. Bb3 b4 7. Na4 cxd5 8. a3 bxa3 9. Rxa3 Nf6 10. Ne2 O-O 11. O-O Nc6 12. c3 Na5 13. Ba2 Ba6 14. Nc5 Bc4 15. b3 Bb5 16. Re1 e6 17. Nf4 Qb6 18. Nfd3 Nd7 19. b4 Nc4 20. Bxc4 dxc4 21. Nxd7 Bxd7 22. Nc5 Bc6 23. Bf4 a5 24. b5 Bxb5 25. Ra1 Bc6 26. Qe2 Bd5 27. Reb1 Qc6 28. f3 a4 29. Ra3 Ra5 30. Rb4 Re8 31. Raxa4 Rxc5 32. dxc5 Bxc3 33. Rxc4 Qb5 34. Qd3 Bf6 35. c6 Rc8 36. c7 e5 37. Be3 Rxc7 38. Rab4 Bxc4 39. Qd6 Qc6 40. Rb8+ Bd8 41. Rxd8+ Kg7 42. Qf8+ Kf6 43. Qh8+ Kf5 44. g4+ Ke6 45. Re8+ Re7 46. Rxe7+ Kxe7 47. Qxe5+ Be6 48. Bg5+ Kd7 49. Qd4+ Qd5 50. Qa7+ Kc6 51. Qa8+ Kc5 52. Qa5+ Kc6 53. Qc3+ Qc5+ 54. Qxc5+ Kxc5 55. Be3+ Kd5 56. Kf2 Bd7 57. Kg3 Ke6 58. Kf4 f6 59. Bd4 Bc6 60. h4 h6 61. Ke3 g5 62. hxg5 hxg5 63. Bc3 Bd5 64. Bd4 Bc6 65. Bb2 Bb7 66. f4 Kf7 67. Bxf6 Kxf6 68. fxg5+ Kxg5 69. Kd4 Kxg4 1/2-1/2


[Site "https://www.chess.com"]

[Event "Titled Tuesday Blitz March 01 Late 2022"]
[White "Dauner, Benedikt"]
[Black "Avila Pavas, Santiago"]
[WhiteFideId "16225899"]
[BlackFideId "4437128"]
[WhiteElo "2506"]
[BlackElo "2718"]
[Result "0-1"]
[Round "04"]
[TimeControl "180+1"]
[Date "2022.03.02"]
[WhiteClock "0:00:06"]
[BlackClock "0:00:26"]

1. d4 Nf6 2. Nf3 c5 3. d5 b5 4. e4 Nxe4 5. Bd3 Nf6 6. Bxb5 g6 7. Nc3 Bg7 8. O-O O-O 9. Re1 d6 10. h3 Nbd7 11. Qe2 Re8 12. Bf4 Rb8 13. Rab1 Bb7 14. Bc6 Qb6 15. Na4 Qc7 16. Qb5 Ba8 17. Qa6 Nxd5 18. Bxa8 Nxf4 19. Bc6 Rb6 20. Nxb6 Qxc6 21. Qa4 Nxh3+ 22. gxh3 Qxf3 23. Qxd7 Rf8 24. Nc4 Bd4 25. Rf1 d5 26. c3 Bg7 27. Ne3 e6 28. Qxa7 Be5 29. Qxc5 Qxh3 30. Rfe1 Bh2+ 31. Kh1 Bg3+ 32. Kg1 Qh2+ 33. Kf1 Qxf2# 0-1


[Site "https://www.chess.com"]

[Event "Titled Tuesday Blitz March 01 Late 2022"]
[White "Debray, Christopher"]
[Black "Kostiukov, Alexandr"]
[WhiteFideId "630810"]
[BlackFideId "14108100"]
[WhiteElo "2369"]
[BlackElo "2202"]
[Result "1-0"]
[Round "04"]
[TimeControl "180+1"]
[Date "2022.03.02"]
[WhiteClock "0:00:10"]
[BlackClock "0:00:06"]

1. d4 g6 2. e4 Bg7 3. Nc3 d6 4. Nf3 e5 5. dxe5 dxe5 6. Qxd8+ Kxd8 7. Bg5+ f6 8. O-O-O+ Nd7 9. Bh4 g5 10. Bg3 h5 11. h4 g4 12. Nd2 c6 13. Nc4 Ke7 14. Nd6 Nh6 15. Bc4 Nb6 16. Bb3 Rd8 17. Nxc8+ Raxc8 18. Rxd8 Rxd8 19. Rd1 Nd7 20. a4 Nf7 21. f3 gxf3 22. gxf3 Nd6 23. Bf2 b6 24. Rg1 Bh6+ 25. Kb1 Nc5 26. Ba2 Ne6 27. Ne2 Nf7 28. a5 Rd2 29. Re1 Nd4 30. Bxd4 exd4 31. axb6 axb6 32. Bxf7 Kxf7 33. Ng3 Rf2 34. Nf5 Bf8 35. Nxd4 c5 36. Nf5 Rxf3 37. Rd1 Rf4 38. Rd7+ Ke6 39. Rb7 Rxe4 40. Ng3 Re1+ 41. Ka2 Bd6 42. Rxb6 Kd5 43. Nxh5 f5 44. Nf6+ Ke6 45. Ne8 Kd7 46. Nxd6 Kc7 47. Ra6 Re6 48. Nb5+ Kd7 49. Rxe6 Kxe6 50. Nc3 f4 51. Kb3 f3 52. Nd1 Kf5 53. Kc4 Kg4 54. Kxc5 Kxh4 55. b4 Kg3 56. b5 Kg2 57. b6 Kf1 58. b7 Ke1 59. Ne3 Ke2 60. Ng4 Kd2 61. b8=Q 1-0


[Site "https://www.chess.com"]

[Event "Titled Tuesday Blitz March 01 Late 2022"]
[White "Demidov, Mikhail"]
[Black "Hakemi, Arman"]
[WhiteFideId "4197143"]
[BlackFideId "22520805"]
[WhiteElo "2525"]
[BlackElo "2208"]
[Result "1-0"]
[Round "04"]
[TimeControl "180+1"]
[Date "2022.03.01"]
[WhiteClock "0:02:36"]
[BlackClock "0:02:17"]

1. Nf3 Nf6 2. g3 g6 3. b3 Bg7 4. Bb2 O-O 5. Bg2 d6 6. d4 Nc6 7. O-O e5 8. dxe5 Nd7 9. Qd2 Ndxe5 10. c4 Be6 11. Nc3 h6 12. Rad1 Kh7 13. Nd5 Nxf3+ 14. exf3 Ne5 15. f4 Nc6 16. Bxg7 Kxg7 17. Qc3+ f6 18. Rfe1 Bd7 19. b4 Rf7 20. b5 Nb8 21. Re7 1-0


[Site "https://www.chess.com"]